 Dungeon Sprint DCSS version 0.16-a0-1183-g5b05a17 (webtiles) character file.

1271 Ololoev the Grappler (level 8, -2/70 HPs)
             Began as a Troll Hunter on Oct 10, 2014.
             Was a Priest of Trog.
             Slain by a demonic crawler (9 damage)
             ... in the Dungeon (Sprint I: "Red Sonja").
             The game lasted 00:03:00 (295 turns).

Ololoev the Grappler (Troll Hunter)                  Turns: 295, Time: 00:03:01

Health: -2/70      AC:  5    Str: 23    XL:     8   Next: 28%
Magic:  3/3        EV:  9    Int:  7    God:    Trog [***...]
Gold:   411        SH:  0    Dex: 10    Spells: 0 memorised, 7 levels left

rFire  . . .     SeeInvis .       - Unarmed
rCold  . . .     Clarity  .     d - +0 animal skin
rNeg   . . .     SustAb   .     (shield restricted)
rPois  .         Gourm    +     (helmet restricted)
rElec  .         Spirit   .     (no cloak)
rCorr  .         Warding  .     (gloves unavailable)
rMut   .         NoTele   +     (boots unavailable)
MR     .....                    (no amulet)
Stlth  +.........               (no ring)
                                (no ring)

@: exhausted, hasted and slowed, not resistant to hostile enchantments, very
unstealthy
A: unfitting armour, claws 3, fast metabolism 3, gourmand, regeneration 2,
saprovore 2, shaggy fur 1, tough skin 2
a: Burn Spellbooks, Berserk, Trog's Hand, Renounce Religion


You were in the Dungeon.
You worshipped Trog.
Trog was most pleased with you.
You were hungry.

You visited 1 branch You collected 411 gold pieces.

Inventory:

Missiles
 b - 2 large rocks (quivered)
 c - 2 throwing nets
Armour
 d - a +0 animal skin (worn)
Comestibles
 a - 2 meat rations
Scrolls
 j - a scroll of blinking
Potions
 h - 2 potions of magic
 i - a potion of berserk rage


   Skills:
 - Level 1.5 Fighting
 - Level 12.4 Throwing
 - Level 1.5 Dodging
 - Level 0.4 Stealth
 + Level 12.5 Unarmed Combat


You had 7 spell levels left.
You didn't know any spells.

Dungeon Overview and Level Annotations

Branches:
Dungeon (1/1)

Altars:
Cheibriados
Dithmenos
Elyvilon
Fedhas
Gozag
Kikubaaqudgha
Makhleb
Nemelex Xobeh
Okawaru
Qazlal
Sif Muna
Trog
Vehumet
Xom
Yredelemnul
Zin
The Shining One
Jiyva

Shops:
D (


Innate Abilities, Weirdness & Mutations

You are too large for most types of armour.
You have claws for hands.
Your metabolism is lightning-fast.
You like to eat raw meat.
You heal very quickly.
You can eat rotten meat.
You are covered in fur (AC +1).
You have very tough skin (AC +2).


Message History

The demonic crawler closely misses you. The demonic crawler hits you.
The demonic crawler barely misses you. The demonic crawler hits you!
* * * LOW HITPOINT WARNING * * *
The demonic crawler hits you!
* * * LOW HITPOINT WARNING * * *
Drink which item? (? for menu, Esc to quit)
You feel better. The demonic crawler hits you.
* * * LOW HITPOINT WARNING * * *
The demonic crawler closely misses you.
The demonic crawler hits you but does no damage.
The demonic crawler hits you.
* * * LOW HITPOINT WARNING * * *
The demonic crawler hits you.
* * * LOW HITPOINT WARNING * * *
The demonic crawler hits you but does no damage.
Drink which item? (? for menu, Esc to quit)
You feel yourself speed up. The demonic crawler hits you.
* * * LOW HITPOINT WARNING * * *
The demonic crawler hits you!
You die...

######################
..)..#..'..#__#..ss.(#
..#..)..#..'..'.@#)..#
####'#####'#__####...'..#
###..#...#)#### ####..+
__####..##.# ##
_..._##'#..+ _.∩...'..._#
_..._##_.#+# _____###+#
######


You could see 2 demonic crawlers.

Vanquished Creatures
  A demonic crawler (D)
  2 kobold demonologists (D)
  A slime creature (D)
  A yak (D)
  A neqoxec (D)
  An ogre (D)
  Sigmund (D)
  A jelly (D)
  Ijyb (D)
  An ufetubus (D)
  A giant eyeball (D)
12 creatures vanquished.

Notes
Turn   | Place    | Note
--------------------------------------------------------------
     0 | D        | Ololoev, the Troll Hunter, began the quest for the Orb.
     0 | D        | Reached XP level 1. HP: 19/19 MP: 1/1
     1 | D        | Noticed Ijyb
     4 | D        | Killed Ijyb
     4 | D        | Reached skill level 5 in Throwing
     4 | D        | Reached XP level 2. HP: 27/27 MP: 1/1
    11 | D        | Noticed an ogre
    14 | D        | Killed an ogre
    14 | D        | Reached skill level 8 in Throwing
    14 | D        | Reached XP level 3. HP: 23/33 MP: 2/2
    14 | D        | Reached XP level 4. HP: 28/41 MP: 2/2
    40 | D        | Noticed Sigmund
    54 | D        | Killed Sigmund
    54 | D        | Reached skill level 10 in Throwing
    54 | D        | Reached XP level 5. HP: 26/48 MP: 2/2
    98 | D        | Found a deep blue altar of Sif Muna.
    99 | D        | Noticed a jelly
   100 | D        | Found a radiant altar of Vehumet.
   101 | D        | Killed a jelly
   101 | D        | Reached skill level 11 in Throwing
   108 | D        | Found Peasch's Weapon Emporium.
   108 | D        | Found a white marble altar of Elyvilon.
   108 | D        | Found a stormy altar of Qazlal.
   108 | D        | Found a burning altar of Makhleb.
   108 | D        | Found a basalt altar of Yredelemnul.
   108 | D        | Found a glowing golden altar of the Shining One.
   108 | D        | Found a sparkling altar of Nemelex Xobeh.
   108 | D        | Found a shimmering altar of Xom.
   108 | D        | Found an opulent altar of Gozag.
   108 | D        | Found an ancient bone altar of Kikubaaqudgha.
   108 | D        | Found a glowing silver altar of Zin.
   108 | D        | Noticed a yak
   112 | D        | Killed a yak
   112 | D        | Reached skill level 12 in Throwing
   112 | D        | Reached XP level 6. HP: 36/55 MP: 3/3
   113 | D        | Found an iron altar of Okawaru.
   115 | D        | Found a bloodstained altar of Trog.
   118 | D        | Became a worshipper of Trog the Wrathful
   139 | D        | Acquired Trog's first power
   206 | D        | Found a viscous altar of Jiyva.
   206 | D        | Found a blossoming altar of Fedhas.
   206 | D        | Noticed a slime creature
   207 | D        | Found a snail-covered altar of Cheibriados.
   207 | D        | Found a shadowy altar of Dithmenos.
   211 | D        | Killed a slime creature
   262 | D        | Noticed a kobold demonologist
   263 | D        | Noticed a kobold demonologist
   266 | D        | Killed a kobold demonologist
   266 | D        | Acquired Trog's second power
   266 | D        | Reached XP level 7. HP: 62/62 MP: 3/3
   267 | D        | Noticed a neqoxec
   273 | D        | Killed a neqoxec
   274 | D        | Noticed a smoke demon
   277 | D        | Noticed a chaos spawn
   277 | D        | Noticed a demonic crawler
   277 | D        | Noticed a demonic crawler
   277 | D        | Noticed a demonic crawler
   277 | D        | Noticed a demonic crawler
   280 | D        | Killed a kobold demonologist
   280 | D        | Reached XP level 8. HP: 70/70 MP: 3/3
   286 | D        | Killed a demonic crawler
   295 | D        | Slain by a demonic crawler

Action                   |  1- 3 |  4- 6 |  7- 9 || total
-------------------------+-------+-------+-------++-------
Melee: Unarmed           |     2 |     6 |    21 ||    29
Throw: Large rock        |     4 |    16 |       ||    20
       Throwing net      |       |     2 |       ||     2
Invok: Berserk           |       |       |     1 ||     1
  Use: Potion            |       |       |     4 ||     4
